 Dungeon Crawl Stone Soup version 0.29-a0-925-g0a7a3d12f8 (webtiles) character file.

Game seed: 8597170503596091733

4356 tatocazan the Covert (level 10, -8/71 HPs)
             Began as an Octopode Brigand on July 30, 2022.
             Was an Initiate of Wu Jian.
             Mangled by Joseph
             ... wielding a +0 quarterstaff
              (20 damage)
             ... on level 8 of the Dungeon.
             The game lasted 00:14:38 (11644 turns).

tatocazan the Covert (Octopode Brigand)            Turns: 11644, Time: 00:14:38

Health: -8/71      AC:  5    Str: 11    XL:     10   Next: 34%
Magic:  10/10      EV: 17    Int: 20    God:    Wu Jian [......]
Gold:   418        SH:  0    Dex: 17    Spells: 7/9 levels left

rFire   . . .      SeeInvis +   C - +0 short sword (venom)
rCold   . . .      Faith    .   (no shield)
rNeg    . . .      Spirit   .   (helmet restricted)
rPois   .          Reflect  .   (no amulet)
rElec   .          Harm     .   q - +6 ring of intelligence
rCorr   .          Rampage  .   s - ring of see invisible
Will    .....                   l - +4 ring of evasion
Stlth   ++++++....              A - +4 ring of protection
HPRegen 0.21/turn               (no ring)
MPRegen 0.12/turn               (no ring)
                                (no ring)
                                (no ring)

@: no status effects
A: almost no armour, amphibious, 8 rings, camouflage 1, gelatinous body 1,
(nimble swimmer 1), tentacles
a: Renounce Religion


You were on level 8 of the Dungeon.
You worshipped Wu Jian.
Wu Jian was noncommittal.
You visited 2 branches of the dungeon, and saw 9 of its levels.

You collected 418 gold pieces.

Inventory:

Hand Weapons
 a - a +2 dagger
 i - a +2 dagger of draining
 C - a +0 short sword of venom (weapon)
Missiles
 b - 8 poisoned darts
 c - 13 curare-tipped darts (quivered)
 x - 2 datura-tipped darts
Jewellery
 g - an amulet of magic regeneration
 j - an amulet of faith
 l - a +4 ring of evasion (on tentacle)
 q - a +6 ring of intelligence (left tentacle)
 s - a ring of see invisible (right tentacle)
 A - a +4 ring of protection (on tentacle)
 F - a ring of wizardry
 G - a ring of protection from fire
Wands
 f - a wand of charming (2)
 k - a wand of flame (27)
 H - a wand of roots (5)
Scrolls
 d - 6 scrolls of teleportation
 e - a scroll of poison
 h - a scroll of blinking
 t - 2 scrolls of immolation
 v - 3 scrolls of magic mapping {unknown}
 y - 2 scrolls of butterflies
 z - 3 scrolls of vulnerability {unknown}
 B - a scroll of fear {unknown}
 D - a scroll of amnesia {unknown}
 E - a scroll of identify {unknown}
Potions
 m - 2 potions of degeneration
 n - a potion of attraction {unknown}
 o - 3 potions of heal wounds {unknown}
 p - 3 potions of resistance
 r - a potion of might {unknown}
 u - 4 potions of brilliance {unknown}
 w - 3 potions of lignification {unknown}


   Skills:
 + Level 7.4 Fighting
 * Level 10.5 Short Blades
 + Level 2.9 Throwing
 + Level 2.1 Dodging
 + Level 11.5 Stealth


You had 7 spell levels left.
You knew the following spells:

 Your Spells              Type           Power      Damage    Failure   Level
a - Blink                 Tloc           0%         N/A       28%         2

Your spell library contained the following spells:

 Spells                   Type           Power      Damage    Failure   Level
 Lesser Beckoning         Tloc           0%         N/A       50%         3
 Manifold Assault         Tloc           0%         N/A       99%         5


Dungeon Overview and Level Annotations

Branches:
Dungeon (8/15)             Temple (1/1) D:6
   Lair: D:8-11

Altars:
Ashenzari
Cheibriados
Dithmenos
Fedhas
Gozag
Makhleb
Nemelex Xobeh
Okawaru
Qazlal
Sif Muna
Trog
Uskayaw
Vehumet
Wu Jian
Xom
Yredelemnul
The Shining One

Annotations:
D:7 1 runed translucent door, zeratav's ghost, novice OpVM
D:8 Joseph


Innate Abilities, Weirdness & Mutations

You cannot wear most types of armour.
You are amphibious.
You can wear up to eight rings at the same time.
Your skin changes colour to match your surroundings (Stealth+).
Your rubbery body absorbs attacks. (AC +1, EV +1)
((You are camouflaged when in or above water. (Stealth+)))
You have tentacles for arms and can constrict up to eight enemies at once.


Message History

Joseph is lightly wounded.
You constrict Joseph. Joseph barely misses you.
You hit Joseph.
Joseph looks as sick as possible!
You squeeze Joseph!
Joseph is moderately wounded.
You constrict Joseph. Joseph hits you with a +0 quarterstaff.
You take 5 damage, and have 37/71 hp.
You hit Joseph. Your squeeze misses Joseph.
Joseph is moderately wounded.
You constrict Joseph, but do no damage. You hit Joseph.
Joseph looks as sick as possible!
Joseph is heavily wounded.
You constrict Joseph. Joseph hits you with a +0 quarterstaff.
You take 6 damage, and have 31/71 hp.
You hit Joseph.
Joseph looks as sick as possible!
Joseph is heavily wounded.
You constrict Joseph, but do no damage. You hit Joseph but do no damage.
Joseph looks as sick as possible!
Joseph is heavily wounded.
You constrict Joseph. Joseph hits you with a +0 quarterstaff.
You take 5 damage, and have 26/71 hp.
You hit Joseph.
Joseph looks as sick as possible!
Joseph is heavily wounded.
You constrict Joseph, but do no damage. You hit Joseph but do no damage.
You squeeze Joseph, but do no damage.
Joseph is heavily wounded.
You constrict Joseph. Joseph hits you with a +0 quarterstaff!
* * * LOW HITPOINT WARNING * * *
You take 14 damage, and have 12/71 hp.
You hit Joseph but do no damage.
Joseph looks as sick as possible!
You squeeze Joseph.
Joseph is severely wounded.
You constrict Joseph. Joseph barely misses you.
You hit Joseph.
Joseph looks as sick as possible!
Joseph is severely wounded.
You constrict Joseph. You hit Joseph but do no damage.
Joseph looks as sick as possible!
Joseph is severely wounded.
You constrict Joseph.
Joseph hits you with a +0 quarterstaff!!
You die...

#.##......#
....#.#...
..........
....!...
####........
#......#
...#........
#......
............
#.....#
#)...>.... #...$#
.#......... #..@#
...####......
#.@###...#
#...... #.......#
#...... #...##.##
##.##... #......#
#...#..# ##.....#
#..#.... ##....#
#.##...#
#....#####....###
##....[......##
###..#.#...##


You could see Joseph (extremely poisoned).

Vanquished Creatures
  Pikel (D:2)
  Grinder (D:3)
  Prince Ribbit (D:6)
  A yak (D:7)
  A wyvern (D:8)
  3 vampire mosquitoes (D:6)
  An acid dragon (D:8)
  A water moccasin (D:8)
  A sky beast (D:7)
  2 orc warriors (D:7)
  2 black bears
  3 ogres
  4 centaurs
  2 lemures
  2 phantoms
  A necrophage (D:8)
  4 bullfrogs
  A gnoll sergeant (D:5)
  3 scorpions
  4 wights (D:7)
  A howler monkey (D:7)
  2 orc priests (D:7)
  2 jellies
  2 hounds
  Jessica (D:3)
  Ijyb (D:3)
  3 iguanas
  2 orc wizards (D:7)
  Natasha (thrice) (D:3)
  11 gnolls
  7 adders
  A shadow imp (D:6)
  A dart slug (D:2)
  11 orcs
  6 ball pythons
  7 bats
  7 endoplasms
  3 giant cockroaches
  3 goblins
  8 hobgoblins
  6 kobolds
  A quokka (D:2)
  4 frilled lizards
  8 rats
140 creatures vanquished.

Notes
Turn   | Place    | Note
-------+----------+-------------------------------------------
     0 | D:1      | tatocazan the Octopode Brigand began the quest for the Orb.
     0 | D:1      | Reached XP level 1. HP: 14/14 MP: 1/1
   479 | D:1      | Reached XP level 2. HP: 19/19 MP: 2/2
  1386 | D:1      | Found a faded altar of an unknown god.
  1522 | D:1      | Reached XP level 3. HP: 23/23 MP: 3/3
  2095 | D:2      | Found a shimmering blue altar of Sif Muna.
  2292 | D:2      | Reached skill level 6 in Stealth
  2292 | D:2      | Reached XP level 4. HP: 30/30 MP: 4/4
  2772 | D:3      | Noticed Jessica
  2774 | D:3      | Killed Jessica
  2775 | D:3      | Reached XP level 5. HP: 36/36 MP: 5/5
  2778 | D:3      | Noticed Grinder
  2785 | D:3      | Paralysed by Grinder for 2 turns
  2794 | D:3      | Killed Grinder
  2795 | D:3      | Reached skill level 7 in Stealth
  2795 | D:3      | Reached XP level 6. HP: 25/42 MP: 6/6
  3168 | D:3      | Noticed Ijyb
  3174 | D:3      | Killed Ijyb
  3202 | D:3      | Found the +6 shillelagh "Devastator" {shatter}
  3509 | D:3      | Reached skill level 5 in Short Blades
  3522 | D:3      | Noticed Natasha
  3527 | D:3      | Killed Natasha
  3643 | D:3      | Noticed Natasha
  3651 | D:3      | Killed Natasha
  4035 | D:3      | Noticed Natasha
  4042 | D:3      | Killed Natasha
  4466 | D:4      | Noticed Pikel
  4809 | D:3      | Reached XP level 7. HP: 26/48 MP: 7/7
  5433 | D:2      | Killed Pikel
  5434 | D:2      | Reached skill level 8 in Stealth
  5434 | D:2      | Reached XP level 8. HP: 12/54 MP: 8/8
  6088 | D:4      | Reached skill level 5 in Fighting
  6508 | D:5      | Entered Level 5 of the Dungeon
  6553 | D:5      | Reached skill level 9 in Stealth
  7149 | D:5      | Reached XP level 9. HP: 7/62 MP: 9/9
  7985 | D:6      | Found a staircase to the Ecumenical Temple.
  7997 | Temple   | Entered the Ecumenical Temple
  8052 | Temple   | Became a worshipper of the Wu Jian Council
  8066 | D:6      | Noticed Prince Ribbit
  8087 | D:6      | Killed Prince Ribbit
  8088 | D:6      | Reached skill level 10 in Stealth
  8739 | D:6      | Learned a level 2 spell: Blink
  8801 | D:7      | Found a stormy altar of Qazlal.
  9982 | D:7      | Reached skill level 11 in Stealth
 10236 | D:6      | Reached skill level 10 in Short Blades
 10236 | D:6      | Reached XP level 10. HP: 25/71 MP: 10/10
 10794 | D:7      | Found a runed translucent door.
 10795 | D:7      | Noticed zeratav's ghost (novice OpVM)
 11628 | D:8      | Noticed Joseph
 11644 | D:8      | Mangled by Joseph

Illustrated notes

Levels and vault maps discovered:
D:1:      pf_arrival_petrified_forest, layout_basic,
          dreamdust_ecumenical_altar_grove
D:2:      layout_basic, basic_altar
D:3:      layout_basic, uniq_natasha, uniq_grinder, uniq_ijyb, uniq_jessica
D:4:      layout_cave_pools, uniq_pikel
D:5:      layout_cave_pools
D:6:      layout_layer_cave, minmay_temple_entry_mist, uniq_prince_ribbit1
D:7:      minmay_inner_zag, layout_loops_ring, nicolae_qazlal_general_emergency,
          ebering_ghost_reflecting_pool
D:8:      layout_cave_pools, uniq_erica, uniq_joseph
Temple:   nicolae_temple_bog_church

Skill      XL: |  1  2  3  4  5  6  7  8  9 10 |
---------------+-------------------------------+-----
Short Blades   | 3 4 5 6 8 10 | 10.5
Stealth        | 6 7 8 9 11 | 11.5
Fighting       | 3 4 5 7 |  7.4
Dodging        | 2 |  2.1
Throwing       | |  2.9

Action                   |  1- 3 |  4- 6 |  7- 9 | 10-12 || total
-------------------------+-------+-------+-------+-------++-------
Melee: Dagger            |    77 |    56 |   107 |       ||   240
       Constrict         |    14 |     7 |    28 |     9 ||    58
       Tentacles         |    12 |    10 |    52 |    15 ||    89
       Punch             |       |     1 |     6 |     1 ||     8
       Short sword       |       |       |    84 |    65 ||   149
Throw: Dart              |     3 |       |    22 |     3 ||    28
Invok: Lunge             |       |       |    11 |     5 ||    16
Evoke: Wand              |       |       |     1 |       ||     1
  Use: Potion            |       |     5 |     2 |       ||     7
       Scroll            |       |     7 |     5 |       ||    12
 Stab: Sleeping          |     9 |    13 |    22 |     4 ||    48
       Distracted        |       |     1 |     1 |     1 ||     3
Armor: Skin              |     9 |     1 |    10 |    12 ||    32
Dodge: Dodged            |    33 |    13 |    74 |    59 ||   179

Table legend: (Time is in decaauts)
 A = Elapsed time spent in this place.
 B = Non-inter-level travel time spent in this place.
 C = Inter-level travel time spent in this place.
 D = Time resting spent in this place.
 E = Time spent auto-exploring this place.
 F = Levels seen in this place.
 G = Mean time per level.
                   A        B        C        D        E       F      G
               +--------+--------+--------+--------+--------+-----+--------+
         Total |  11549 |  11335 |    214 |   5315 |   4792 |   9 | 1283.2 |
       Dungeon |  11482 |  11278 |    204 |   5315 |   4751 |   8 | 1435.2 |
        Temple |     66 |     56 |     10 |      0 |     41 |   1 |   66.0 |
               +--------+--------+--------+--------+--------+-----+--------+

Top non-repeatable levels by time:
     D:3: 2353 daAuts
     D:7: 2239 daAuts
     D:1: 1799 daAuts
     D:2: 1706 daAuts
     D:6: 1502 daAuts
     D:5: 1058 daAuts
     D:4: 681 daAuts
     D:8: 141 daAuts
  Temple: 66 daAuts
